 Dungeon Crawl Stone Soup version 0.18-a0-1426-g3b9a63c (webtiles) character file.

1675 Kidiri the Magician (level 8, -1/45 HPs)
             Began as a Deep Elf Fire Elementalist on Feb 27, 2016.
             Was a Priest of Vehumet.
             Shot with an arrow by a centaur (7 damage)
             ... on level 6 of the Dungeon.
             The game lasted 00:37:01 (9708 turns).

Kidiri the Magician (Deep Elf Fire Elementalist)    Turns: 9708, Time: 00:37:01

Health: -1/45      AC:  7    Str: 12      XL:     8   Next: 70%
Magic:  1/21       EV: 14    Int: 23      God:    Vehumet [***...]
Gold:   420        SH:  0    Dex: 13 (15) Spells: 7 memorised, 3 levels left

rFire  . . .     SeeInvis .     E - +2 dagger (speed)
rCold  . . .     Gourm    .     a - +1 robe
rNeg   . . .     Faith    .     (no shield)
rPois  .         Spirit   .     y - +1 helmet
rElec  .         Dismiss  .     (no cloak)
rCorr  .         Reflect  .     u - +0 pair of gloves
SustAt .         Harm     .     x - +0 pair of boots (curse)
MR     .....                    (no amulet)
Stlth  +++.......               c - ring of wizardry
                                f - ring of wizardry

@: mighty, very slightly contaminated, not resistant to hostile enchantments,
fairly stealthy
A: blink, deterioration 1, strong 1
a: Blink, Renounce Religion


You were on level 6 of the Dungeon.
You worshipped Vehumet.
Vehumet was most pleased with you.
You were not hungry.

You visited 1 branch of the dungeon, and saw 7 of its levels.

You collected 420 gold pieces.

Inventory:

Hand Weapons
 E - a +2 dagger of speed (weapon)
Armour
 a - a +1 robe (worn)
 r - a +0 buckler
 u - a +0 pair of gloves (worn)
 x - a cursed +0 pair of boots (worn)
 y - a +1 helmet (worn)
Jewellery
 c - a ring of wizardry (right hand)
 f - a ring of wizardry (left hand)
 j - a +5 ring of strength
 p - an uncursed ring of teleportation
Wands
 q - a wand of paralysis (8/24)
Scrolls
 g - 2 scrolls of teleportation
 l - 3 scrolls of fog
 m - a scroll of enchant weapon {unknown}
 t - a scroll of remove curse
 v - 2 scrolls of recharging
Potions
 d - 2 potions of lignification
 e - a potion of might
 n - 2 potions of flight
 o - 4 potions of agility
 w - a potion of heal wounds {unknown}
 z - a potion of ambrosia {unknown}
 B - 3 potions of curing {unknown}
Books
 b - a book of Flames

   Spells                             Type                      Level
   a - Flame Tongue                   Conjuration/Fire             1
   b - Throw Flame                    Conjuration/Fire             2
   c - Conjure Flame                  Conjuration/Fire             3
   d - Inner Flame                    Hexes/Fire                   3
   e - Sticky Flame                   Conjuration/Fire             4
   f - Fireball                       Conjuration/Fire             5
Comestibles
 h - 2 beef jerkies
 i - 4 bread rations
 k - 6 meat rations


   Skills:
 + Level 2.6 Fighting
 + Level 4.6 Dodging
 + Level 5.2 Stealth
 * Level 7.5 Spellcasting
 + Level 3.9 Conjurations
 + Level 4.0 Hexes
 + Level 5.3 Fire Magic
 + Level 2.6 Ice Magic
   Level 3.2 Air Magic


You had 3 spell levels left.
You knew the following spells:

 Your Spells              Type           Power        Failure   Level  Hunger
a - Flame Tongue          Conj/Fire      ####.        1%          1    None
b - Throw Flame           Conj/Fire      ####..       1%          2    None
c - Conjure Flame         Conj/Fire      ####....     1%          3    None
d - Inner Flame           Hex/Fire       ####....     1%          3    None
e - Sticky Flame          Conj/Fire      ####....     1%          4    ###....
f - Fireball              Conj/Fire      ####......   3%          5    #####..
h - Freeze                Ice            ###.         1%          1    None


Dungeon Overview and Level Annotations

Branches:
Dungeon (7/15)             Temple (0/1) D:7

Altars:
Elyvilon
Kikubaaqudgha
Makhleb
Nemelex Xobeh
Pakellas
Sif Muna
Vehumet
Xom
Zin
The Shining One

Annotations:
D:6 ConnectionFaild's ghost, novice DDNe


Innate Abilities, Weirdness & Mutations

You can translocate small distances at will.
Your body sometimes deteriorates upon taking damage.
Your muscles are strong. (Str +2)


Message History

The gnoll is moderately wounded.
The gnoll hits you from afar with a spear.
* * * LOW HITPOINT WARNING * * *
Your body deteriorates!
You feel clumsy.
Unknown command.
Drink which item? (? for menu, Esc to quit)
Okay, then.
Unknown command.
Unknown command.
Unknown command.
Unknown command.
Unknown command.
Unknown command.
Read which item? (? for menu, Esc to quit)
Blink to where?
Press: ? - help, Dir - move target cursor, p - gnoll You are very lightly contaminated with residual magic.
As you read the scroll of blinking, it crumbles to dust.
You open the gate.
The centaur shoots an arrow.
The arrow hits you!
You die...

#..P♣♣♣PPP...#.....##.##
#### #♣P♣...###...#....
#(. ♣PPPP.###...#.###
#.. #♣PP♣...##...#....
#.. #PPPPP..##...#.###
#''######♣.....#...#....
#).c$..)'..........#.###
#..#(.>)'...........s...
#..#§g.@'.(......#.#.###
#..######........#.#.#
#.. #♣PP..##.#.#.# #..
♣P♣..##.#.#.# #..
♣♣PP.##.#.#(# #..
..#♣P♣...#.#.#W#
..#PPPP..#.#.#§###
..#.....##.#......
..#.....##.###.###


You could see a centaur and a gnoll.

Vanquished Creatures
  A water moccasin (D:6)
  A necrophage (D:5)
  3 ogres
  2 centaurs (D:6)
  A giant frog (D:6)
  A gnoll sergeant (D:6)
  A scorpion (D:5)
  A centaur zombie (D:5)
  5 orc wizards
  2 hounds (D:6)
  5 orc priests
  An iguana (D:6)
  5 worker ants
  A hound zombie (D:5)
  A hound skeleton (D:4)
  A worker ant zombie (D:4)
  2 gnolls (D:6)
  17 adders
  2 shadow imps
  2 oozes
  A worm (D:5)
  2 dart slugs (D:1)
  8 giant geckos
  19 orcs
  7 giant cockroaches
  19 goblins
  14 hobgoblins
  11 jackals
  3 quokkas
  10 bats
  2 giant newts (D:2)
  9 kobolds
  A quokka skeleton (D:6)
  10 rats
171 creatures vanquished.

Notes
Turn   | Place    | Note
--------------------------------------------------------------
     0 | D:1      | Kidiri the Deep Elf Fire Elementalist began the quest for the Orb.
     0 | D:1      | Reached XP level 1. HP: 10/10 MP: 6/6
   222 | D:1      | Reached XP level 2. HP: 4/15 MP: 0/8
   226 | D:1      | Learned a level 2 spell: Throw Flame
  1340 | D:1      | Reached XP level 3. HP: 20/20 MP: 2/10
  1346 | D:1      | Learned a level 3 spell: Conjure Flame
  1351 | D:1      | Learned a level 3 spell: Inner Flame
  1645 | D:2      | Found a shimmering altar of Xom.
  1645 | D:2      | Found a sparkling altar of Nemelex Xobeh.
  1728 | D:2      | Reached skill level 4 in Spellcasting
  1841 | D:2      | Found an ancient bone altar of Kikubaaqudgha.
  1842 | D:2      | Found a deep blue altar of Sif Muna.
  1844 | D:2      | Found a radiant altar of Vehumet.
  1849 | D:2      | Identified Vehumet's Reference Book on Attacks
  1851 | D:2      | Became a worshipper of Vehumet
  1931 | D:2      | Found a burning altar of Makhleb.
  1933 | D:2      | Noticed a cacodemon
  1937 | D:2      | Noticed a ynoxinul
  1937 | D:2      | Noticed an orange demon
  2320 | D:2      | Reached XP level 4. HP: 24/24 MP: 6/12
  2404 | D:2      | Reached skill level 1 in Hexes
  2467 | D:2      | Found an oddly glowing altar of Pakellas.
  2817 | D:2      | Found a glowing golden altar of the Shining One.
  3122 | D:3      | Reached skill level 1 in Fighting
  3136 | D:3      | Reached * piety under Vehumet
  3136 | D:3      | Offered knowledge of Shock by Vehumet.
  3139 | D:3      | Learned a level 1 spell: Shock
  3978 | D:3      | Reached XP level 5. HP: 29/29 MP: 7/13
  4089 | D:3      | Reached skill level 1 in Air Magic
  4335 | D:3      | Reached skill level 5 in Spellcasting
  4384 | D:3      | Learned a level 4 spell: Sticky Flame
  4805 | D:4      | Offered knowledge of Freeze by Vehumet.
  4805 | D:4      | Reached XP level 6. HP: 34/34 MP: 9/15
  4808 | D:4      | Learned a level 1 spell: Freeze
  4931 | D:4      | Found a glowing silver altar of Zin.
  4996 | D:4      | Reached ** piety under Vehumet
  5607 | D:4      | Reached XP level 7. HP: 38/38 MP: 10/17
  5894 | D:4      | Reached skill level 6 in Spellcasting
  5894 | D:4      | Reached skill level 1 in Ice Magic
  6369 | D:5      | Entered Level 5 of the Dungeon
  6451 | D:5      | Offered knowledge of Static Discharge by Vehumet.
  7099 | D:5      | Found a white marble altar of Elyvilon.
  7115 | D:5      | Gained mutation: Your muscles are strong. (Str +2) [potion of mutation]
  7115 | D:5      | Gained mutation: You can translocate small distances at will. [potion of mutation]
  7115 | D:5      | Gained mutation: Your body sometimes deteriorates upon taking damage. [potion of mutation]
  7157 | D:5      | Reached *** piety under Vehumet
  7827 | D:5      | Reached XP level 8. HP: 42/44 MP: 11/20
  7838 | D:5      | Learned a level 5 spell: Fireball
  8288 | D:6      | Reached skill level 5 in Fire Magic
  8657 | D:6      | Noticed ConnectionFaild's ghost (novice DDNe)
  8883 | D:7      | Found a staircase to the Ecumenical Temple.
  8920 | D:7      | Reached skill level 7 in Spellcasting
  9372 | D:6      | Offered knowledge of Mephitic Cloud by Vehumet.
  9372 | D:6      | Reached skill level 5 in Stealth
  9708 | D:6      | Shot with an arrow by a centaur

Vault maps used:
D:1:      onia_arrival_handbag
D:2:      grunt_temple_overflow_magic_moments, marbit_many_paths,
          gammafunk_temple_overflow_pools, overflow_temple_1_default,
          first_bread, makhleb_altar_promises_db
D:3:      kennysheep_generic_room_2
D:4:      lemuel_round_altar
D:5:      corexii_shack_village, lemuel_crystal_altar
D:6:      kennysheep_housing_project, st_stairs_4
D:7:      nicolae_overflow_crystal_walls, temple_pool_a, serial_shops,
          nicolae_shop_stone

Skill      XL: |  1  2  3  4  5  6  7  8 |
---------------+-------------------------+-----
Spellcasting   | 4 5 6 7 |  7.5
Hexes          | 1 2 3 4 |  4.0
Stealth        | 3 4 5 |  5.2
Fighting       | 1 2 |  2.6
Fire Magic     | 4 5 |  5.3
Air Magic      | 1 2 3 |  3.2
Conjurations   | 2 3 |  3.9
Dodging        | 3 4 |  4.6
Ice Magic      | 2 |  2.6

Action                   |  1- 3 |  4- 6 |  7- 9 || total
-------------------------+-------+-------+-------++-------
Melee: Short sword       |     9 |       |       ||     9
       Dagger            |     2 |     9 |     8 ||    19
 Cast: Flame Tongue      |    49 |    83 |   126 ||   258
       Throw Flame       |    25 |    46 |    31 ||   102
       Shock             |       |     5 |     3 ||     8
       Sticky Flame      |       |     1 |     6 ||     7
       Conjure Flame     |       |     2 |    13 ||    15
       Inner Flame       |       |     1 |     8 ||     9
       Fireball          |       |       |     1 ||     1
  Use: Scroll            |    10 |     1 |    12 ||    23
       Potion            |       |       |     2 ||     2
 Stab: Sleeping          |     2 |     3 |     6 ||    11
  Eat: Chunk             |     2 |     8 |     8 ||    18
       Bread ration      |     1 |       |       ||     1
       Fruit             |       |       |     7 ||     7
       Royal jelly       |       |       |     1 ||     1
